 Dungeon Crawl Stone Soup version 0.29.1-1-gd02db6906a (webtiles) character file.

Game seed: 5189990236384678924

98 RascalDebosk the Magician (level 5, -10/40 HPs)
             Began as a Djinni Warper on Oct 12, 2022.
             Mangled by an iguana (11 damage)
             ... on level 4 of the Dungeon on Oct 13, 2022.
             The game lasted 00:24:27 (1446 turns).

RascalDebosk the Magician (Djinni Warper)           Turns: 1446, Time: 00:24:27

Health: -10/40     AC:  3    Str: 10    XL:     5   Next: 0%
Gold:   137        EV: 11    Int: 17    God:
                   SH:  0    Dex: 12

rFire   + + .      SeeInvis +   a - +0 short sword
rCold   . . .      Faith    .   (no shield)
rNeg    . . .      Spirit   .   b - +0 leather armour
rPois   ∞          Reflect  .   (no helmet)
rElec   .          Harm     .   (no cloak)
rCorr   .          Rampage  .   (no gloves)
Will    .....                   (boots unavailable)
Stlth   +.........              c - amulet of regeneration
HPRegen 0.93/turn               o - ring of protection from cold
MPRegen 0.00/turn               q - ring of see invisible

@: flying
A: sickness immunity, fire resistance 2, cold vulnerability 1, float, innate
caster, HP casting, extra vitality 1
a: no special abilities


You were on level 4 of the Dungeon.
You visited 1 branch of the dungeon, and saw 5 of its levels.

You collected 137 gold pieces.

Inventory:

Hand Weapons
 a - a +0 short sword (weapon)
Armour
 b - a +0 leather armour (worn)
 k - a +0 scale mail
Magical Staves
 p - a staff of poison
Jewellery
 c - an amulet of regeneration (around neck)
 o - a ring of protection from cold (left hand)
 q - a ring of see invisible (right hand)
Wands
 l - a wand of light (5)
Scrolls
 f - 4 scrolls of teleportation {unknown}
 g - a scroll of blinking
 i - 3 scrolls of vulnerability {unknown}
 m - a scroll of identify {unknown}
Potions
 d - a potion of invisibility {unknown}
 e - a potion of lignification {unknown}
 h - 2 potions of heal wounds {unknown}
 j - 2 potions of degeneration {unknown}
 n - a potion of ambrosia {unknown}


   Skills:
 + Level 2.9 Fighting
 - Level 2.0 Short Blades
 - Level 1.0 Throwing
 + Level 1.3 Armour
 - Level 2.1 Dodging
 + Level 1.5 Stealth
 + Level 1.2 Unarmed Combat
 + Level 2.9 Spellcasting


You couldn't memorise any spells.
You knew the following spells:

 Your Spells              Type           Power      Damage    Failure   Level
a - Blink                 Tloc           24%        N/A       11%         2
b - Lesser Beckoning      Tloc           12%        N/A       22%         3
c - Gell's Gravitas       Tloc           12%        N/A       22%         3
d - Teleport Other        Tloc           12%        N/A       22%         3
e - Manifold Assault      Tloc           12%        N/A       89%         5
f - Beastly Appendage     Tmut           24%        N/A       7%          1
g - Searing Ray           Conj           24%        2d5       11%         2
Your spell library was empty.

Dungeon Overview and Level Annotations

Branches:
Dungeon (5/15)
 Temple: D:4-7

Altars:

Shops:
D:2 =


Innate Abilities, Weirdness & Mutations

You are immune to sickness and miasma.
You are immune to poison.
Your flesh is very heat resistant. (rF++)
You are vulnerable to cold. (rC-)
You float through the air rather than walking.
You learn spells naturally, not from books.
Your magical power is your life essence.
You have superior vitality. (+4 MHP)


Message History

Press: ? - help, Q - select action, (/) - cycle Dir - move target, f/p - adder
Aim: an adder (severely wounded) Gravity reorients around the adder.
Something collides with the adder!
The adder is almost dead.
The kobold collides with the adder!
You kill the adder!
The kobold is severely wounded.
* * * LOW HITPOINT WARNING * * *
You have reached level 5!
The power to cast Searing Ray wells up from within.
Spell assigned to 'g'.
You hit the kobold but do no damage.
The kobold is severely wounded.
The kobold closely misses you.
You miss the kobold.
The kobold is severely wounded.
The kobold barely misses you.
Casting: Gell's Gravitas (quite dangerous; 22% risk of failure)
Confirm with . or Enter, or press ? or * to list all spells.
Aiming: Searing Ray (safe; 11% risk of failure)
Press: ? - help, Shift-Dir - straight line, f - iguana
Aim: an iguana (lightly wounded, 79% to hit)
The searing ray misses the kobold.
The searing ray hits the iguana.
The iguana is moderately wounded. (Press . to maintain the ray.)
* * * LOW HITPOINT WARNING * * *
The kobold hits you with a +0 dagger.
* * * LOW HITPOINT WARNING * * *
The searing ray hits the kobold.
You kill the kobold!
* * * LOW HITPOINT WARNING * * *
The searing ray hits the iguana.
The iguana is heavily wounded.
* * * LOW HITPOINT WARNING * * *
The iguana closely misses you.
The searing ray hits the iguana.
The iguana is almost dead.
* * * LOW HITPOINT WARNING * * *
You finish channelling your searing ray.
The iguana closely misses you.
You hit the iguana but do no damage.
The iguana is almost dead.
The iguana closely misses you.
You barely miss the iguana.
The iguana is almost dead.
The iguana barely misses you.
You hit the iguana but do no damage.
The iguana is almost dead.
The iguana barely misses you.
You completely miss the iguana.
The iguana is almost dead.
The iguana closely misses you.
You closely miss the iguana.
The iguana is almost dead.
The iguana bites you.
* * * LOW HITPOINT WARNING * * *
You barely miss the iguana.
The iguana is almost dead.
The iguana closely misses you.
You hit the iguana but do no damage.
The iguana is almost dead.
The iguana barely misses you.
You hit the iguana but do no damage.
The iguana is almost dead.
The iguana bites you but does no damage.
You hit the iguana but do no damage.
The iguana is almost dead.
The iguana bites you.
* * * LOW HITPOINT WARNING * * *
You barely miss the iguana.
The iguana is almost dead.
The iguana bites you but does no damage.
You barely miss the iguana.
The iguana is almost dead.
The iguana bites you.
* * * LOW HITPOINT WARNING * * *
You closely miss the iguana.
The iguana is almost dead.
The iguana barely misses you.
You hit the iguana but do no damage.
The iguana is almost dead.
The iguana bites you!
* * * LOW HITPOINT WARNING * * *
You barely miss the iguana.
The iguana is almost dead.
The iguana closely misses you.
You closely miss the iguana.
The iguana is almost dead.
The iguana bites you but does no damage.
You hit the iguana but do no damage.
The iguana is almost dead.
The iguana barely misses you.
You hit the iguana but do no damage.
The iguana is almost dead.
The iguana bites you!
* * * LOW HITPOINT WARNING * * *
You completely miss the iguana.
The iguana is almost dead.
The iguana bites you!
You die...

♣# ###.#♣ $~♣ ...#~ ♣~♣
###..#~♣♣~♣ ..... #~@♣
#..##l## ####
#....##### #..
#..........
#.####..........
###...............
#.................
#>................
.......................


You could see an iguana.

Vanquished Creatures
  4 adders
  5 dart slugs
  5 bats
  7 endoplasms
  A giant cockroach (D:1)
  3 goblins
  5 hobgoblins
  5 jackals (D:1)
  3 ball pythons
  2 frilled lizards
  4 kobolds
  6 rats
50 creatures vanquished.

Notes
Turn   | Place    | Note
-------+----------+-------------------------------------------
     0 | D:1      | RascalDebosk the Djinni Warper began the quest for the Orb.
     0 | D:1      | RascalDebosk set off with the following spells memorised:
                  | Blink, Lesser Beckoning, Gell's Gravitas, Teleport Other,
                  | Manifold Assault.
     0 | D:1      | Reached XP level 1. HP: 18/18 MP: 0/0
    87 | D:1      | Reached skill level 1 in Throwing
    87 | D:1      | Reached XP level 2. HP: 23/23 MP: 0/0
   203 | D:1      | Reached XP level 3. HP: 29/29 MP: 0/0
   203 | D:1      | Learned a level 1 spell: Beastly Appendage
   307 | D:1      | Reached skill level 1 in Stealth
   596 | D:2      | Found Pasmoem's One-of-a-Kind Rings.
   771 | D:2      | Reached XP level 4. HP: 33/34 MP: 0/0
  1301 | D:3      | Reached skill level 1 in Unarmed Combat
  1383 | D:3      | You are sucked into a shaft and drop 2 floors!
  1383 | D:5      | Entered Level 5 of the Dungeon
  1423 | D:4      | Reached XP level 5. HP: 16/40 MP: 0/0
  1423 | D:4      | Learned a level 2 spell: Searing Ray
  1445 | D:4      | HP: 1/40 [iguana (12)]
  1446 | D:4      | Mangled by an iguana

Illustrated notes

Levels and vault maps discovered:
D:1:      minmay_arrival_open_corners, layout_rooms, minmay_heptomino_o4
D:2:      layout_basic, grunt_decor_cap, nicolae_shop_unique_rings
D:3:      layout_loops_ring, gup_sewer_entry_glass
D:4:      layout_rooms, saegor_snake_ambush
D:5:      layout_rooms, uniq_blork_the_orc, uniq_grinder, uniq_duvessa

Skill      XL: |  1  2  3  4 |
---------------+-------------+-----
Throwing       | 1 |  1.0
Short Blades   | 2 |  2.0
Stealth        | 1 |  1.5
Unarmed Combat | 1 |  1.2
Fighting       | |  2.9
Armour         | |  1.3
Dodging        | |  2.1
Spellcasting   | |  2.9

Action                   |  1- 3 |  4- 6 || total
-------------------------+-------+-------++-------
Melee: Short sword       |   142 |    84 ||   226
       Punch             |     2 |     1 ||     3
       Headbutt          |     1 |       ||     1
Throw: Boomerang         |     7 |       ||     7
 Cast: Gell's Gravitas   |     5 |     3 ||     8
       Blink             |     2 |       ||     2
       Beastly Appendage |     2 |       ||     2
       Searing Ray       |       |     1 ||     1
 Stab: Sleeping          |       |     2 ||     2
Armor: Leather armour    |    47 |    20 ||    67
Dodge: Dodged            |    99 |    61 ||   160
